 Dungeon Crawl Stone Soup version 0.21-a0-625-g1119ec1 (webtiles) character file.

187206 Firecrotchwizard the Fencer (level 17, -32/162 HPs)
             Began as a Minotaur Berserker on Dec 24, 2017.
             Was the Champion of Trog.
             Blown up by an orb spider (40 damage)
             ... with an orb of destruction
             ... led by a torpor snail
             ... on level 2 of the Spider Nest.
             The game lasted 01:15:54 (33064 turns).

Firecrotchwizard the Fencer (Minotaur Berserker)   Turns: 33064, Time: 01:15:54

Health: -32/162    AC: 15    Str: 28    XL:     17   Next: 44%
Magic:  0/23       EV: 34    Int:  4    God:    Trog [******]
Gold:   2082       SH:  0    Dex: 22    Spells: 16/16 levels left

rFire    . . .     SeeInvis .   A - +9 great sword (slice)
rCold    + . .     Gourm    .   (shield currently unavailable)
rNeg     . . .     Faith    .   S - +1 scale mail of the Teacher {Str+4 Dex+3}
rPois    +         Spirit   +   (helmet restricted)
rElec    +         Reflect  .   (no cloak)
rCorr    .         Harm     .   y - +1 pair of gloves of Valiance {rElec rC+}
MR       +....                  g - +0 pair of boots of Toan {*Contam rPois Dex+4}
Stlth    ..........             x - amulet of guardian spirit {Spirit}
HPRegen  0.37/turn              f - +6 ring of evasion
MPRegen  0.18/turn              l - +3 ring of evasion

@: lethally poisoned (-32 -> -33), slowed, very slow
A: retaliatory headbutt, horns 2
}: 1/15 runes: decaying
a: Berserk, Trog's Hand, Brothers in Arms, Burn Spellbooks, Renounce Religion


You were on level 2 of the Spider Nest.
You worshipped Trog.
Trog was exalted by your worship.
You were not hungry.

You visited 5 branches of the dungeon, and saw 29 of its levels.
You also visited: Bailey.

You collected 2832 gold pieces.
You spent 750 gold pieces at shops.

Inventory:

Hand Weapons
 A - a +9 great sword of slicing (weapon)
   (Trog gifted it to you on level 4 of the Swamp)
 H - a +2 great sword of holy wrath
   (Trog gifted it to you in a bailey)
 Z - a +3 antimagic great sword
   (Trog gifted it to you on level 2 of the Spider Nest)
Armour
 g - the +0 pair of boots of Toan (worn) {*Contam rPois Dex+4}
   (You found it on level 6 of the Lair of Beasts)

   It affects your dexterity (+4).
   It protects you from poison.
   It causes magical contamination when unequipped.
 y - the +1 pair of gloves of Valiance (worn) {rElec rC+}
   (You found it on level 11 of the Dungeon)

   It protects you from cold.
   It insulates you from electricity.
 S - the +1 scale mail of the Teacher (worn) {Str+4 Dex+3}
   (You found it on level 5 of the Lair of Beasts)

   It affects your strength (+4).
   It affects your dexterity (+3).
 T - a +2 ring mail of cold resistance
   (You took it off Harold on level 11 of the Dungeon)
Jewellery
 a - an uncursed ring of see invisible {sInv, !d}
   (You found it on level 6 of the Lair of Beasts)
 d - an uncursed ring of ice {rC+, rF-}
   (You found it on level 2 of the Spider Nest)
 f - a +6 ring of evasion (left hand)
   (You found it on level 13 of the Dungeon)
 j - an uncursed ring of protection from magic {MR+, !d}
   (You found it on level 1 of the Dungeon)
 l - a +3 ring of evasion (right hand)
   (You bought it in a shop on level 6 of the Dungeon)
 w - an uncursed ring of fire {rF+, rC-}
   (You found it on level 5 of the Lair of Beasts)
 x - an amulet of guardian spirit (around neck) {Spirit}
   (You found it on level 4 of the Dungeon)
Wands
 k - a wand of scattershot (1)
   (You found it on level 6 of the Dungeon)
 s - a wand of flame (36)
   (You found it on level 14 of the Dungeon)
 t - a wand of clouds (6)
   (You found it on level 4 of the Swamp)
 u - a wand of iceblast (4)
   (You found it on level 2 of the Spider Nest)
 v - a wand of enslavement (17)
   (You found it on level 7 of the Dungeon)
 B - a wand of digging (37)
   (You found it on level 5 of the Dungeon)
 G - a wand of polymorph (24)
   (You found it on level 9 of the Dungeon)
 X - a wand of random effects (17)
   (You found it on level 15 of the Dungeon)
Scrolls
 b - 5 scrolls of fear
 e - 14 scrolls of remove curse
 n - 10 scrolls of teleportation
 p - a scroll of magic mapping {!r}
 D - 6 scrolls of blinking {!r}
 I - 3 scrolls of fog
 R - 4 scrolls of enchant weapon
 W - 8 scrolls of identify
Potions
 m - 6 potions of curing
 o - 4 potions of lignification {!q}
 q - 4 potions of haste
 r - 4 potions of agility
 z - a potion of berserk rage {!q}
 C - a potion of heal wounds {unknown}
 F - 2 potions of invisibility
 K - 4 potions of brilliance
 L - 3 potions of might
 N - a potion of magic {unknown}
 P - a potion of cancellation
Miscellaneous
 J - a lamp of fire
   (You found it on level 12 of the Dungeon)
 M - a sack of spiders
 U - 2 boxes of beasts
Comestibles
 c - 33 rations {@e1}
 h - 2 chunks of flesh {@w0}


   Skills:
 + Level 17.4 Fighting
 - Level 20.0 Long Blades
 + Level 14.6 Armour
 + Level 16.1 Dodging
 - Level 10.0 Evocations


You had 16 spell levels left.
You didn't know any spells.

Dungeon Overview and Level Annotations

Branches:
Dungeon (15/15) Temple (0/1) D:5 Lair (6/6) D:9 Swamp (4/4) Lair:3 Spider (2/4) Lair:3 Slime (0/5) Lair:5 Orc (2/2) D:10 Elf (0/3) Orc:2 Vaults (0/5) D:13 D:14 Depths (0/5) D:15

Altars:
Ashenzari
Cheibriados
Fedhas
Makhleb
Qazlal
Ru
Sif Muna
Wu Jian
The Shining One

Shops:
D:6 }**=(   D:7 =   D:8 *   D:11 (   Orc:2 %[}

Portals:
Hell: Lair:6


Innate Abilities, Weirdness & Mutations

You reflexively headbutt those who attack you in melee.
You have a pair of horns on your head.


Message History

The jumping spider leaps!
The wolf spider completely misses you. You furiously retaliate!
You headbutt the wolf spider! The wolf spider bites you.
You are poisoned.
The wolf spider poisons you!
You take 4 damage, and have 137/162 hp.
You completely miss the wolf spider. You headbutt the wolf spider.
You feel sick. The wolf spider misses you. You furiously retaliate!
You headbutt the wolf spider!
You kill the wolf spider!
Trog accepts your kill.
You take 1 damage, and have 136/162 hp.
You feel sick. The demonic crawler misses you.
The demonic crawler barely misses you. x2
The demonic crawler closely misses you.
You riposte.
You hit the demonic crawler.
You headbutt the demonic crawler, but do no damage.
The demonic crawler misses you.
The demonic crawler completely misses you.
You see here a wolf spider corpse.
You take 1 damage, and have 135/162 hp.
You slice the demonic crawler!! You headbutt the demonic crawler!
You feel sick. The demonic crawler barely misses you. You furiously retaliate!
You headbutt the demonic crawler, but do no damage.
You riposte.
You cut the demonic crawler into ribbons!!!
You kill the demonic crawler!
Trog accepts your kill.
You take 2 damage, and have 133/162 hp.
You slice the jumping spider!!
You kill the jumping spider!
Trog accepts your kill.
You feel sick.
You take 1 damage, and have 132/162 hp.
No target in view!
No target in view!
You start resting.
You feel sick. x10
An orb spider comes into view.
You take 7 damage, and have 125/162 hp.
An orb spider is nearby!
The orb spider hisses angrily.
A wolf spider comes into view.
You feel sick.
You take 1 damage, and have 125/162 hp.
An orb spider comes into view.
You feel sick.
The orb spider hisses angrily.
You take 1 damage, and have 124/162 hp.
You slash the wolf spider! Your headbutt misses the wolf spider.
The wolf spider misses you. You furiously retaliate!
You headbutt the wolf spider. The wolf spider completely misses you.
You slash the wolf spider! Your headbutt misses the wolf spider.
The wolf spider completely misses you. x2
You open the wolf spider like a pillowcase!!!
You kill the wolf spider!
Trog accepts your kill.
You feel sick.
The orb spider spins a strand of pure energy.
You take 1 damage, and have 124/162 hp.
You feel sick.
The orb spider weaves a glowing orb of energy.
An orb of destruction comes into view.
You feel sick. The orb of destruction hits you!
The orb spider spins a strand of pure energy.
Found an escape hatch in the ceiling.
You take 33 damage, and have 91/162 hp.
MASSIVE DAMAGE!!
You now have 17/23 mp.
The orb spider spins a strand of pure energy.
Being near the torpor snail leaves you feeling lethargic.
A torpor snail comes into view.
You feel sick.
The orb spider weaves a glowing orb of energy. x2
The wavering orb of destruction weakly hits you!
An orb of destruction comes into view.
You take 12 damage, and have 79/162 hp.
You now have 15/23 mp.
You are too injured to fight recklessly!
You are too injured to fight recklessly!
You are too injured to fight recklessly!
The orb spider pulsates with a strange energy.
The orb of destruction hits you!
* * * LOW HITPOINT WARNING * * *
The orb spider spins a strand of pure energy.
You take 37 damage, and have 42/162 hp.
MASSIVE DAMAGE!!
You now have 7/23 mp.
You completely miss the orb spider.
You feel sick.
The orb spider weaves a glowing orb of energy.
An orb of destruction comes into view.
The orb spider weaves a glowing orb of energy.
An orb of destruction comes into view.
You feel sick. The orb of destruction hits you!
* * * LOW HITPOINT WARNING * * *
The orb spider begins to weave its threads into a brightly glowing ball.
The torpor snail is caught in a web!
There is an escape hatch in the ceiling, spattered with blood here.
You take 36 damage, and have 7/162 hp.
MASSIVE DAMAGE!!
You now have 1/23 mp.
The orb of destruction hits you!
You die...

#.... #......#.......##...
#....# #.....†......####..
.#.....##.....†.....#......
..#..#.#.......#.####......
#..##...^^...#..## .....#.
..........#####..# ...#.#.
.......s^## #...# ...###≈
.....§.§..## #≈#..### .≈
#....sw§§§@# ###.... ..≈
#.....#.............. ?.
#...#..........##. ..
.#.#......#.#.##
####...#.#....#
#######.....# #....# #≈..#


You could see a torpor snail (webbed) and 2 orb spiders.

Vanquished Creatures
  Gastronok (D:8)
  Agnes (D:15)
  3 thorn hunters
  5 emperor scorpions
  An orc warlord (Orc:1)
  An entropy weaver (Spider:2)
  The ghost of Snicker the Unseen, a journeyman SpEn of Gozag (Lair:6)
  Snorg (D:13)
  Josephine (D:11)
  Harold (D:11)
  2 rakshasas (D:15)
  19 hydras
  3 centaur warriors
  3 catoblepae
  The ghost of charan the Grappler, a novice TrMo of Okawaru (D:8)
  3 death knights
  The ghost of SFR the Blocker, a novice DgWn (D:9)
  A death yak (D:13)
  8 alligators
  20 two-headed ogres
  A tengu warrior (D:9)
  Urug (D:14)
  5 ogre magi
  Sonja (D:15)
  A skeletal warrior (D:13)
  A swamp dragon (shapeshifter) (D:15)
  2 unseen horrors (D:12)
  2 orc knights
  A wizard (Lair:6)
  5 swamp dragons (Swamp:4)
  2 phantasmal warriors
  3 shambling mangroves
  The ghost of Skryme the Sneak, a novice KoWn (D:6)
  A wolf spider zombie (D:13)
  A deep elf mage (D:14)
  3 manticores
  11 ugly things
  14 slime creatures
  5 orb spiders
  11 wolf spiders
  An orc sorcerer (Orc:2)
  3 cyclopes
  A manticore (shapeshifter) (D:15)
  12 elephants
  2 black mambas
  3 centaur zombies
  2 guardian serpents (shapeshifter)
  4 torpor snails
  Psyche (D:11)
  A smoke demon (Lair:6)
  2 orange demons (Lair:6)
  A molten gargoyle (D:12)
  2 gargoyles
  14 komodo dragons
  14 spiny frogs
  A kobold demonologist (D:11)
  4 yaktaurs (D:15)
  2 efreet (D:14)
  5 rime drakes (Lair:6)
  3 ice devils (Lair:6)
  2 freezing wraiths (D:13)
  4 demonic crawlers
  A red devil (Lair:6)
  A tengu conjurer (D:9)
  7 trolls
  3 meliai (D:15)
  A queen bee (shapeshifter) (D:15)
  A jumping spider (shapeshifter) (D:15)
  8 jumping spiders
  4 tyrant leeches
  Prince Ribbit (Lair:3)
  12 hornets
  14 blink frogs
  A wolf spider simulacrum (D:14)
  9 hippogriffs
  3 bog bodies
  2 polar bears (Lair:6)
  6 dream sheep
  A spriggan (shapeshifter) (D:15)
  10 tarantellas
  25 redbacks
  5 spriggans
  8 wraiths
  A wyvern (D:10)
  17 humans
  84 yaks
  4 basilisks
  A hungry ghost (D:11)
  5 hogs
  9 swamp worms
  A harpy simulacrum (D:15)
  6 wargs
  16 vampire mosquitoes
  An acid dragon (D:12)
  14 water moccasins
  6 porcupines
  19 orc warriors
  11 swamp drakes
  3 hell hounds (Lair:6)
  4 ice beasts
  6 sky beasts
  2 phantoms
  2 black bears
  3 eyes of draining
  34 ogres
  2 boggarts (D:15)
  10 wolves
  11 centaurs
  8 crocodiles
  4 big kobolds
  15 bullfrogs
  6 scorpions
  2 wyvern skeletons (D:14)
  2 water moccasin skeletons
  8 killer bees
  2 electric eels
  11 wights
  3 howler monkeys
  5 crimson imps
  A lava snake (D:12)
  3 quasits
  A bullfrog zombie (D:7)
  5 centaur skeletons
  3 jellies
  10 hounds
  15 orc priests
  2 bullfrog skeletons
  5 iguanas
  19 orc wizards
  12 worker ants
  2 worker ant zombies
  9 gnolls
  9 adders
  4 shadow imps
  An ooze (D:1)
  An adder zombie (D:10)
  An adder skeleton (D:8)
  4 worms
  3 dart slugs
  5 leopard geckos
  62 orcs
  2 ball pythons
  10 giant cockroaches
  14 goblins
  5 hobgoblins
  4 jackals (D:3)
  2 quokkas
  7 bats
  8 frilled lizards
  31 kobolds
  14 rats
  3 briar patches
  A fungus (D:3)
972 creatures vanquished.

Vanquished Creatures (collateral kills)
  Kirke (Lair:4)
  3 hydras
  A swamp dragon (Swamp:4)
  A dream sheep (Lair:5)
  3 yaks (Lair:4)
  A porcupine (Lair:4)
  A swamp drake (Swamp:4)
  A wolf (Lair:3)
  2 killer bees (D:7)
14 creatures vanquished.

Vanquished Creatures (others)
  A human (Lair:4)
  15 fungi
  6 plants
22 creatures vanquished.

Grand Total: 1008 creatures vanquished

Notes
Turn   | Place    | Note
-------+----------+-------------------------------------------
     0 | D:1      | Firecrotchwizard the Minotaur Berserker began the quest for the Orb.
     0 | D:1      | Reached XP level 1. HP: 19/19 MP: 0/0
    28 | D:1      | Reached skill level 4 in Long Blades
    28 | D:1      | Reached XP level 2. HP: 13/27 MP: 1/1
   407 | D:1      | Reached skill level 4 in Fighting
   408 | D:1      | Reached XP level 3. HP: 16/33 MP: 2/2
   482 | D:1      | Reached ** piety under Trog
   914 | D:1      | Upgraded the game from 0.21-a0-621-gc60411f to 0.21-a0-625-g1119ec1
  1082 | D:2      | Reached skill level 3 in Armour
  1089 | D:2      | Reached XP level 4. HP: 38/40 MP: 3/3
  1095 | D:2      | Reached skill level 3 in Dodging
  1112 | D:2      | Reached skill level 5 in Long Blades
  1529 | D:3      | Found a deep blue altar of Sif Muna.
  1620 | D:3      | Reached XP level 5. HP: 34/47 MP: 4/4
  1788 | D:3      | Reached *** piety under Trog
  1925 | D:3      | Found an ornate altar of the Wu Jian Council.
  2092 | D:3      | Found a blossoming altar of Fedhas.
  2092 | D:3      | Found a glowing golden altar of the Shining One.
  2493 | D:4      | Reached XP level 6. HP: 25/55 MP: 5/5
  2674 | D:4      | Reached skill level 4 in Armour
  2676 | D:4      | Reached skill level 6 in Long Blades
  2875 | D:4      | Reached skill level 5 in Fighting
  3093 | D:4      | HP: 12/56 [orc priest/divine providence (16)]
  3096 | D:4      | Reached skill level 4 in Dodging
  3100 | D:4      | HP: 10/56 [poisoned by an adder]
  3107 | D:3      | HP: 9/56 [poisoned by an adder]
  3493 | D:4      | Reached XP level 7. HP: 32/61 MP: 6/6
  3778 | D:4      | Reached skill level 7 in Long Blades
  3788 | D:4      | Reached **** piety under Trog
  3876 | D:4      | Received a gift from Trog
  4002 | D:5      | Entered Level 5 of the Dungeon
  4002 | D:5      | Found a staircase to the Ecumenical Temple.
  4085 | D:5      | Reached skill level 5 in Armour
  4220 | D:5      | Got a transparent arbalest
  4221 | D:5      | Identified the +7 arbalest of Honesty {elec, -Tele MR+ Dex+2 SInv} (You found it on level 5 of the Dungeon)
  4446 | D:5      | Reached skill level 6 in Fighting
  4963 | D:6      | Found Uzubufo's General Store.
  4988 | D:6      | Reached skill level 8 in Long Blades
  4988 | D:6      | Reached skill level 5 in Dodging
  4988 | D:6      | Reached XP level 8. HP: 51/70 MP: 7/7
  5255 | D:6      | Noticed Skryme's ghost (novice KoWn)
  5264 | D:6      | Found Buhyclod's Gadget Shoppe.
  5310 | D:6      | Killed Skryme's ghost
  5310 | D:6      | Reached skill level 9 in Long Blades
  5310 | D:6      | Reached skill level 6 in Armour
  5458 | D:6      | Found Abocs's Assorted Antiques.
  5488 | D:6      | Reached skill level 7 in Fighting
  5524 | D:6      | Found Ytonoici's Jewellery Shop.
  5533 | D:6      | Bought a +3 ring of evasion for 273 gold pieces
  5567 | D:6      | Found Leemish's Weapon Emporium.
  5618 | D:6      | Found a sacrificial altar of Ru.
  5713 | D:6      | Found a deep blue altar of Sif Muna.
  6034 | D:7      | Reached skill level 6 in Dodging
  6084 | D:7      | Reached XP level 9. HP: 63/79 MP: 8/8
  6161 | D:7      | Found a deep blue altar of Sif Muna.
  6237 | D:7      | Found Okinudd's Jewellery Boutique.
  6676 | D:7      | Reached skill level 10 in Long Blades
  6684 | D:7      | Reached skill level 7 in Armour
  6955 | D:7      | Reached skill level 8 in Fighting
  7058 | D:7      | Identified Veost's Reference Book on the Rocks and Necromancy
  7526 | D:8      | Noticed Gastronok
  7571 | D:8      | Killed Gastronok
  7571 | D:8      | Reached skill level 11 in Long Blades
  7571 | D:8      | Reached skill level 8 in Armour
  7571 | D:8      | Reached skill level 7 in Dodging
  7571 | D:8      | Reached XP level 10. HP: 56/90 MP: 3/9
  7588 | D:8      | Reached skill level 9 in Fighting
  7802 | D:8      | Reached skill level 12 in Long Blades
  7861 | D:8      | Found Zisuil's Demolitions Depot.
  7870 | D:8      | Noticed charan's ghost (novice TrMo)
  8215 | D:8      | Killed charan's ghost
  8215 | D:8      | Reached skill level 8 in Dodging
  8399 | D:9      | Noticed a two-headed ogre
  8409 | D:9      | Killed a two-headed ogre
  8409 | D:9      | Reached skill level 9 in Armour
  8499 | D:9      | Noticed a two-headed ogre
  8512 | D:9      | Killed a two-headed ogre
  8567 | D:9      | Reached skill level 13 in Long Blades
  8596 | D:9      | Noticed SFR's ghost (novice DgWn)
  8598 | D:9      | Reached XP level 11. HP: 99/99 MP: 10/10
  8618 | D:9      | Killed SFR's ghost
  8745 | D:9      | Noticed a tengu warrior
  8773 | D:9      | Killed a tengu warrior
  8773 | D:9      | Reached skill level 10 in Fighting
  8777 | D:9      | Reached ***** piety under Trog
  8952 | D:9      | Found a shattered altar of Ashenzari.
  9334 | D:9      | Found a staircase to the Lair.
  9348 | D:9      | Reached skill level 9 in Dodging
  9619 | D:10     | Entered Level 10 of the Dungeon
  9686 | D:10     | Reached skill level 10 in Armour
  9709 | D:10     | Found a staircase to the Orcish Mines.
  9938 | D:10     | Found a flagged portal.
  9998 | Bailey   | Entered a bailey
 10047 | Bailey   | Received a gift from Trog
 10462 | D:10     | Reached skill level 14 in Long Blades
 10855 | D:10     | Reached skill level 1 in Evocations
 11034 | D:10     | You fall through a shaft for 3 floors!
 11258 | D:13     | Noticed a two-headed ogre
 11264 | D:13     | Killed a two-headed ogre
 11264 | D:13     | Reached skill level 11 in Fighting
 11264 | D:13     | Reached skill level 2 in Evocations
 11415 | D:13     | Noticed Snorg
 11468 | D:12     | Killed an unseen horror
 11633 | D:12     | Found a stormy altar of Qazlal.
 11639 | D:12     | Noticed a red ugly thing
 11649 | D:11     | Killed a red ugly thing
 11649 | D:11     | Reached skill level 10 in Dodging
 11649 | D:11     | Reached XP level 12. HP: 57/110 MP: 8/13
 11909 | D:11     | Reached skill level 11 in Armour
 11909 | D:11     | Reached skill level 3 in Evocations
 12048 | D:11     | Got a pair of fine gloves
 12059 | D:11     | Identified the +1 pair of gloves of Valiance {rElec rC+} (You found it on level 11 of the Dungeon)
 12067 | D:11     | Found Finug's Antique Weapon Boutique.
 12466 | D:7      | Bought an uncursed ring of poison resistance for 240 gold pieces
 12525 | Lair:1   | Entered Level 1 of the Lair of Beasts
 12777 | Lair:1   | Reached skill level 4 in Evocations
 13264 | Lair:1   | Reached skill level 12 in Fighting
 13569 | Lair:1   | You fall through a shaft!
 14013 | Lair:2   | Reached skill level 11 in Dodging
 14111 | Lair:2   | Reached skill level 12 in Armour
 14214 | Lair:2   | Reached skill level 5 in Evocations
 14651 | Lair:2   | You fall through a shaft for 2 floors!
 14653 | Lair:4   | Noticed Kirke
 14659 | Lair:4   | Killed Kirke
 14720 | Lair:4   | Reached XP level 13. HP: 95/119 MP: 14/16
 14959 | Lair:4   | Received a gift from Trog
 15074 | Lair:4   | Reached skill level 6 in Evocations
 15326 | Lair:3   | Noticed Prince Ribbit
 15334 | Lair:3   | Reached skill level 13 in Fighting
 15342 | Lair:3   | Killed Prince Ribbit
 15552 | Lair:3   | Reached skill level 12 in Dodging
 15584 | Lair:3   | Found a hole to the Spider Nest.
 15599 | Lair:3   | Found a staircase to the Swamp.
 17030 | Lair:5   | Received a gift from Trog
 17119 | Lair:5   | Reached skill level 7 in Evocations
 17167 | Lair:5   | Got a slimy scale mail
 17218 | Lair:5   | Identified the +1 scale mail of the Teacher {Str+4 Dex+3} (You found it on level 5 of the Lair of Beasts)
 17226 | Lair:5   | Found a staircase to the Slime Pits.
 17653 | Lair:6   | Entered Level 6 of the Lair of Beasts
 17776 | Lair:6   | Noticed Snicker's ghost (journeyman SpEn)
 17794 | Lair:6   | Killed Snicker's ghost
 17794 | Lair:6   | Reached skill level 15 in Long Blades
 17841 | Lair:6   | Reached XP level 14. HP: 84/130 MP: 11/18
 18240 | Lair:6   | Found a snail-covered altar of Cheibriados.
 18385 | Lair:6   | Reached skill level 14 in Fighting
 18422 | Lair:6   | HP: 33/132 [red devil/demon trident of pain (13)]
 18427 | Lair:6   | HP: 20/132 [smoke demon/divine providence (10)]
 18432 | Lair:6   | HP: 25/198 [orange demon (3)]
 18437 | Lair:6   | HP: 21/198 [poisoned by an orange demon]
 18693 | Lair:6   | Found a burning altar of Makhleb.
 18699 | Lair:6   | Found a gateway to Hell.
 18707 | Lair:6   | Got a pair of jewelled boots
 18723 | Lair:6   | Identified the +0 pair of boots of Toan {*Contam rPois Dex+4} (You found it on level 6 of the Lair of Beasts)
 19431 | Orc:1    | Entered Level 1 of the Orcish Mines
 19803 | Orc:1    | Reached skill level 8 in Evocations
 20275 | Orc:2    | Entered Level 2 of the Orcish Mines
 20383 | Orc:2    | Reached skill level 13 in Dodging
 20412 | Orc:2    | Reached skill level 16 in Long Blades
 20613 | Orc:2    | Found a staircase to the Elven Halls.
 20894 | Orc:2    | Found Ofeel Refa's Gadget Shoppe.
 20894 | Orc:2    | Found Luilar's Food Shop.
 20894 | Orc:2    | Found Moshap's Antique Armour Shop.
 20894 | Orc:2    | Found Vaom's Distillery.
 20990 | Orc:2    | Noticed an orc warlord
 21060 | Orc:1    | Killed an orc warlord
 21963 | Orc:2    | Bought an obsidian-encrusted chain mail for 237 gold pieces
 21973 | Orc:2    | Identified the cursed +1 chain mail of Mirth {-Tele +Fly Str+5} (You bought it in a shop on level 2 of the Orcish Mines)
 22117 | D:11     | Received a gift from Trog
 22321 | D:11     | Reached XP level 15. HP: 139/139 MP: 20/20
 22506 | D:11     | Noticed Psyche
 22512 | D:11     | Killed Psyche
 22512 | D:11     | Reached skill level 17 in Long Blades
 22632 | D:11     | Noticed Harold
 22647 | D:11     | Killed Harold
 22874 | D:11     | Noticed Josephine
 22884 | D:11     | Killed Josephine
 22884 | D:11     | Reached skill level 9 in Evocations
 23318 | D:12     | Reached skill level 15 in Fighting
 23505 | D:12     | Received a gift from Trog
 24482 | D:13     | Killed Snorg
 25110 | D:14     | Found a gate to the Vaults.
 25110 | D:14     | Noticed Urug
 25122 | D:13     | Reached skill level 14 in Dodging
 25487 | D:13     | Reached skill level 18 in Long Blades
 25525 | D:14     | Received a gift from Trog
 25534 | D:14     | Killed Urug
 26125 | D:14     | Received a gift from Trog
 26175 | D:14     | Found a sacrificial altar of Ru.
 26541 | D:15     | Entered Level 15 of the Dungeon
 26647 | D:15     | Reached skill level 10 in Evocations
 26709 | D:15     | Noticed Sonja
 26723 | D:15     | Killed Sonja
 26840 | D:15     | Reached XP level 16. HP: 134/150 MP: 19/22
 27082 | D:15     | Noticed Agnes
 27093 | D:15     | HP: 32/151 [Agnes/lajatang (7)]
 27094 | D:15     | HP: 10/151 [yaktaur (9)]
 27095 | D:15     | Killed Agnes
 27123 | D:15     | HP: 26/151 [ogre/giant club (6)]
 27535 | D:15     | Reached skill level 16 in Fighting
 27636 | D:15     | Reached skill level 19 in Long Blades
 27671 | D:15     | Got a transparent hand crossbow
 27866 | D:15     | Found a staircase to the Depths.
 28353 | Swamp:1  | Entered Level 1 of the Swamp
 29064 | Swamp:2  | Reached skill level 13 in Armour
 29086 | Swamp:2  | Reached ****** piety under Trog
 29308 | Swamp:2  | Received a gift from Trog
 29394 | Swamp:2  | Noticed a thorn hunter
 29398 | Swamp:2  | Reached skill level 15 in Dodging
 29407 | Swamp:2  | Killed a thorn hunter
 30431 | Swamp:4  | Entered Level 4 of the Swamp
 30539 | Swamp:4  | Noticed a thorn hunter
 30552 | Swamp:4  | Killed a thorn hunter
 30748 | Swamp:4  | Noticed a thorn hunter
 30761 | Swamp:4  | Killed a thorn hunter
 30810 | Swamp:4  | Received a gift from Trog
 30820 | Swamp:4  | Reached skill level 20 in Long Blades
 30950 | Swamp:4  | Got a decaying rune of Zot
 31020 | Swamp:4  | Reached XP level 17. HP: 136/160 MP: 21/23
 31424 | Spider:1 | Entered Level 1 of the Spider Nest
 31601 | Spider:1 | Paralysed by a hornet for 3 turns
 31731 | Spider:1 | Reached skill level 17 in Fighting
 31731 | Spider:1 | Reached skill level 14 in Armour
 32283 | Spider:2 | Received a gift from Trog
 32850 | Spider:2 | Reached skill level 16 in Dodging
 33063 | Spider:2 | HP: 7/162 [disintegration (35)]
 33064 | Spider:2 | Blown up by an orb spider

Vault maps used:
D:1:      dpeg_arrival_tiny_c, minmay_misc_feat_tower, minmay_vboxes
D:2:      first_ration
D:3:      lemuel_doored_altar, nicolae_overflow_hidden_temple,
          minmay_gold_behind_fungi
D:4:      portal_sewer_entry_e, hangedman_decor_riveting
D:5:      minmay_temple_entry_mist
D:6:      basic_altar, serial_shops, kennysheep_little_box, shop_fountains,
          shop, shop_statue, shop, tgw_sif
D:7:      kennysheep_orc_sif_temple, serial_shops, shop_fountains,
          grunt_livestock
D:8:      nicolae_blasting_shop, uniq_gastronok
D:9:      grunt_lair_entry_orc_guard_hut, basic_altar
D:10:     orc_0_dummy, enter_bailey_2
D:11:     serial_shops, shop_fountains, kennysheep_generic_room_8, uniq_psyche,
          uniq_josephine, uniq_harold
D:12:     kennysheep_scales, basic_altar
D:13:     lab_entry_generic, uniq_snorg
D:14:     david_vaults_3, basic_altar, infiniplex_staircase_river
D:15:     gammafunk_enter_depths_forms, hangedman_abyss_or_decor_lesser_grid,
          uniq_agnes, uniq_sonja
Lair:1:   beast_lair_carwin_8, grunt_megastairs_2
Lair:3:   minmay_swamp_entry_reptiles, dummy_spider_entry,
          serial_bayou_lagoon_a, minivault_19, wad_woods_road_03, minivault_26,
          uniq_prince_ribbit2
Lair:4:   serial_bayou_ford_a, infiniplex_staircase_pool_2, uniq_kirke
Lair:5:   slime_dummy, lemuel_fruit_tree, grunt_megastairs_3
Lair:6:   evil_forest, basic_altar, grunt_megastairs_4
Swamp:1:  infiniplex_staircase_pool, nicolae_swamp_very_dense_foliage
Swamp:2:  evilmike_swamp_ruin_house_3, swamp_pool2,
          nicolae_swamp_feature_on_the_river_bank
Swamp:3:  evilmike_swamp_ruin_rubble_1
Swamp:4:  swamp, swamp_pool2, nicolae_swamp_little_tower
Orc:1:    cheibrodos_orc_guarddog, lemuel_statue_altar
Orc:2:    st_orc_ogre_mass
Bailey:   bailey_axe_1, bailey

Skill      XL: |  1  2  3  4  5  6  7  8  9 10 11 12 13 14 15 16 17 |
---------------+----------------------------------------------------+-----
Long Blades    | 4 5 6 8 9 11 13 14 15 16 18 20 | 20.0
Fighting       | 4 5 6 7 8 9 11 12 13 14 15 16 17 | 17.4
Armour         | 3 4 5 6 8 9 10 12 13 14 | 14.6
Dodging        | 3 4 5 6 7 8 10 11 12 13 14 15 16 | 16.1
Evocations     | 2 5 7 8 10 | 10.0

Action                   |  1- 3 |  4- 6 |  7- 9 | 10-12 | 13-15 | 16-18 || total
-------------------------+-------+-------+-------+-------+-------+-------++-------
Melee: Falchion          |    61 |   160 |   253 |   310 |       |       ||   784
       Headbutt          |    10 |    40 |    52 |   150 |   346 |   205 ||   803
       Great sword       |       |       |       |   245 |   872 |   511 ||  1628
Throw: Javelin           |       |       |    77 |    51 |     1 |       ||   129
       Tomahawk          |       |       |       |    43 |   331 |       ||   374
Invok: Trog's Hand       |       |       |     3 |     2 |     5 |       ||    10
       Berserk           |       |       |     2 |       |       |       ||     2
       Burn Spellbooks   |       |       |     2 |     3 |     3 |     2 ||    10
       Brothers in Arms  |       |       |     1 |     1 |     6 |     1 ||     9
Evoke: Wand              |       |       |       |     2 |    31 |     2 ||    35
  Use: Potion            |       |     1 |       |     1 |     3 |     2 ||     7
       Scroll            |       |       |    15 |     5 |    11 |     3 ||    34
  Eat: Chunk             |     1 |     7 |     8 |    12 |    31 |    12 ||    71
       Ration            |       |       |     2 |     4 |     4 |     3 ||    13
Armor: Animal skin       |    13 |       |       |       |       |       ||    13
       Ring mail         |    14 |    36 |    65 |   107 |    51 |       ||   273
       Scale mail        |       |       |       |       |   132 |    81 ||   213
Dodge: Dodged            |    33 |    94 |   139 |   460 |  1136 |   732 ||  2594
Block: Shield            |       |       |       |    55 |       |       ||    55
       Rpst.: Falchion   |     8 |    18 |    31 |    39 |       |       ||    96
       Great sword       |       |       |       |    74 |   232 |   125 ||   431

Table legend:
 A = Spawn XP
 B = Non-spawn XP
 C = Spawn XP percentage of total XP
 D = Spawn monster count
 E = Non-spawn monster count
 F = Spawn count percentage of total count
 G = Total turns spent on level
                    A         B        C        D         E        F      G
               +---------+---------+-------+---------+---------+-------+---------
         Total |       0 |  248867 |   0.0 |       0 |     982 |   0.0 | 33064
               +---------+---------+-------+---------+---------+-------+---------
           D:1 |       0 |      71 |   0.0 |       0 |      33 |   0.0 |  1075
           D:2 |       0 |      94 |   0.0 |       0 |      15 |   0.0 |   388
           D:3 |       0 |     128 |   0.0 |       0 |      23 |   0.0 |  1147
           D:4 |       0 |     662 |   0.0 |       0 |      39 |   0.0 |  1392
           D:5 |       0 |     417 |   0.0 |       0 |      12 |   0.0 |   961
           D:6 |       0 |    1122 |   0.0 |       0 |      16 |   0.0 |   999
           D:7 |       0 |    1820 |   0.0 |       0 |      21 |   0.0 |  1329
           D:8 |       0 |    4023 |   0.0 |       0 |      13 |   0.0 |  1170
           D:9 |       0 |    5206 |   0.0 |       0 |      28 |   0.0 |  1286
          D:10 |       0 |    4537 |   0.0 |       0 |      39 |   0.0 |  1468
          D:11 |       0 |   12936 |   0.0 |       0 |      58 |   0.0 |  1520
          D:12 |       0 |   12249 |   0.0 |       0 |      57 |   0.0 |  1298
          D:13 |       0 |   21224 |   0.0 |       0 |      64 |   0.0 |  2030
          D:14 |       0 |    8359 |   0.0 |       0 |      30 |   0.0 |  1149
          D:15 |       0 |   24494 |   0.0 |       0 |      54 |   0.0 |  1238
        Lair:1 |       0 |    5440 |   0.0 |       0 |      25 |   0.0 |  1298
        Lair:2 |       0 |    3654 |   0.0 |       0 |      16 |   0.0 |   980
        Lair:3 |       0 |    8002 |   0.0 |       0 |      32 |   0.0 |  1001
        Lair:4 |       0 |   11169 |   0.0 |       0 |      40 |   0.0 |  1208
        Lair:5 |       0 |    5080 |   0.0 |       0 |      13 |   0.0 |   755
        Lair:6 |       0 |   18560 |   0.0 |       0 |      59 |   0.0 |  1687
       Swamp:1 |       0 |    1034 |   0.0 |       0 |       5 |   0.0 |   573
       Swamp:2 |       0 |   14689 |   0.0 |       0 |      26 |   0.0 |  1000
       Swamp:3 |       0 |    6747 |   0.0 |       0 |      26 |   0.0 |   558
       Swamp:4 |       0 |   21812 |   0.0 |       0 |      39 |   0.0 |   933
      Spider:1 |       0 |   13244 |   0.0 |       0 |      32 |   0.0 |   790
      Spider:2 |       0 |   18917 |   0.0 |       0 |      43 |   0.0 |   850
         Orc:1 |       0 |    4202 |   0.0 |       0 |      29 |   0.0 |  1151
         Orc:2 |       0 |   18385 |   0.0 |       0 |      70 |   0.0 |  1472
        Bailey |       0 |     590 |   0.0 |       0 |      25 |   0.0 |   358
               +---------+---------+-------+---------+---------+-------+---------

Vault maps used:
D:1:      dpeg_arrival_tiny_c, minmay_misc_feat_tower, minmay_vboxes
D:2:      first_ration
D:3:      lemuel_doored_altar, nicolae_overflow_hidden_temple,
          minmay_gold_behind_fungi
D:4:      portal_sewer_entry_e, hangedman_decor_riveting
D:5:      minmay_temple_entry_mist
D:6:      basic_altar, serial_shops, kennysheep_little_box, shop_fountains,
          shop, shop_statue, shop, tgw_sif
D:7:      kennysheep_orc_sif_temple, serial_shops, shop_fountains,
          grunt_livestock
D:8:      nicolae_blasting_shop, uniq_gastronok
D:9:      grunt_lair_entry_orc_guard_hut, basic_altar
D:10:     orc_0_dummy, enter_bailey_2
D:11:     serial_shops, shop_fountains, kennysheep_generic_room_8, uniq_psyche,
          uniq_josephine, uniq_harold
D:12:     kennysheep_scales, basic_altar
D:13:     lab_entry_generic, uniq_snorg
D:14:     david_vaults_3, basic_altar, infiniplex_staircase_river
D:15:     gammafunk_enter_depths_forms, hangedman_abyss_or_decor_lesser_grid,
          uniq_agnes, uniq_sonja
Lair:1:   beast_lair_carwin_8, grunt_megastairs_2
Lair:3:   minmay_swamp_entry_reptiles, dummy_spider_entry,
          serial_bayou_lagoon_a, minivault_19, wad_woods_road_03, minivault_26,
          uniq_prince_ribbit2
Lair:4:   serial_bayou_ford_a, infiniplex_staircase_pool_2, uniq_kirke
Lair:5:   slime_dummy, lemuel_fruit_tree, grunt_megastairs_3
Lair:6:   evil_forest, basic_altar, grunt_megastairs_4
Swamp:1:  infiniplex_staircase_pool, nicolae_swamp_very_dense_foliage
Swamp:2:  evilmike_swamp_ruin_house_3, swamp_pool2,
          nicolae_swamp_feature_on_the_river_bank
Swamp:3:  evilmike_swamp_ruin_rubble_1
Swamp:4:  swamp, swamp_pool2, nicolae_swamp_little_tower
Orc:1:    cheibrodos_orc_guarddog, lemuel_statue_altar
Orc:2:    st_orc_ogre_mass
Bailey:   bailey_axe_1, bailey

Table legend:
 A = Turns spent in this place as a percentage of turns spent in the entire game.
 B = Non-inter-level travel turns spent in this place as a percentage of non-inter-level travel turns spent in the entire game.
 C = Inter-level travel turns spent in this place as a percentage of turns spent in this place.
 D = Turns resting spent in this place as a percentage of non-inter-level travel turns spent in this place.
 E = Turns spent auto-exploring this place as a percentage of non-inter-level travel turns spent in this place.
 F = Non-inter-level travel turns spent in this place divided by the number of levels of this place that you've seen.
                   A       B       C       D       E      F
               +-------+-------+-------+-------+-------+----------------------
         Total | 100.0 | 100.0 |   4.6 |  29.4 |  51.0 | 1051.5
       Dungeon |  55.8 |  55.9 |   4.5 |  30.2 |  51.5 | 1175.2
          Lair |  21.0 |  21.0 |   4.2 |  27.2 |  52.2 | 1105.8
         Swamp |   9.3 |   9.2 |   5.1 |  17.3 |  66.2 | 727.2
   Spider Nest |   5.0 |   5.2 |   0.7 |  49.4 |  30.7 | 814.5
  Orcish Mines |   7.9 |   7.6 |   9.1 |  27.3 |  46.5 | 1192.5
        Bailey |   1.1 |   1.1 |   0.0 |  51.1 |   4.2 | 358.0
               +-------+-------+-------+-------+-------+----------------------

Table legend:
 A = Kills in this place as a percentage of kills in entire the game.
 B = Kills by you in this place as a percentage of kills by you in the entire game.
 C = Kills by friends in this place as a percentage of kills by friends in the entire game.
 D = Other kills in this place as a percentage of other kills in the entire game.
 E = Experience gained in this place as a percentage of experience gained in the entire game.
 F = Experience gained in this place divided by the number of levels of this place that you have seen.
                   A       B       C       D       E      F
               +-------+-------+-------+-------+-------+----------------------
         Total | 100.0 | 100.0 | 100.0 |   N/A | 100.0 | 8295.6
       Dungeon |  51.1 |  51.7 |  14.3 |   N/A |  39.1 | 6489.5
          Lair |  18.8 |  18.2 |  64.3 |   N/A |  20.9 | 8650.8
         Swamp |   9.8 |   9.6 |  21.4 |   N/A |  17.8 | 11070.5
   Spider Nest |   7.6 |   7.7 |   0.0 |   N/A |  12.9 | 16080.5
  Orcish Mines |  10.1 |  10.2 |   0.0 |   N/A |   9.1 | 11293.5
        Bailey |   2.5 |   2.6 |   0.0 |   N/A |   0.2 | 590.0
               +-------+-------+-------+-------+-------+----------------------
